 Dungeon Crawl Stone Soup version 0.26.1-11-gd32895ea62 (webtiles) character file.

Game seed: 16476852279602437556

357 btimofeev the Vandal (level 6, -1/46 HPs)
             Began as a Formicid Arcane Marksman on Jan 24, 2021.
             Slain by Pikel
             ... wielding a +2 whip of flaming
              (3 damage)
             ... on level 3 of the Dungeon on May 23, 2021.
             The game lasted 01:02:03 (4777 turns).

btimofeev the Vandal (Formicid Arcane Marksman)     Turns: 4777, Time: 01:02:04

Health: -1/46      AC:  3    Str: 14    XL:     6   Next: 96%
Magic:  0/8        EV: 12    Int: 14    God:
Gold:   176        SH:  0    Dex: 12    Spells: 1/7 levels left

rFire    + . .     SeeInvis +   a - +1 hunting sling
rCold    + . .     Faith    .   (no shield)
rNeg     . . .     Spirit   +   k - +0 leather armour
rPois    +         Reflect  .   (helmet unavailable)
rElec    +         Harm     .   (no cloak)
rCorr    +         Rampage  .   (no gloves)
Will     +....                  (no boots)
Stlth    +.........             o - amulet of guardian spirit
HPRegen  0.15/turn              t - ring of willpower
MPRegen  0.11/turn              (no ring)

@: resistant
A: permanent stasis, dig shafts and tunnels, four strong arms, antennae 3
a: Dig, Shaft Self


You were on level 3 of the Dungeon.
You visited 1 branch of the dungeon, and saw 4 of its levels.

You collected 176 gold pieces.

Inventory:

Hand Weapons
 a - a +1 hunting sling (weapon)
 c - a +0 vorpal hand axe
 f - a +0 whip
 j - a +0 dagger
 m - a +0 hunting sling
 r - a +0 hunting sling
 w - a +0 hand axe
Missiles
 b - 7 stones (quivered)
 d - 10 sling bullets (quivered ammo)
Armour
 e - a +0 robe
 i - a +2 hat
 k - a +0 leather armour (worn)
 s - a +0 buckler
Jewellery
 o - an amulet of guardian spirit (around neck)
 t - a ring of willpower (left hand)
 v - an uncursed ring of protection from cold {unknown}
Scrolls
 g - a scroll of amnesia
 n - a scroll of magic mapping
 q - a scroll of identify
Potions
 h - a potion of invisibility
 p - a potion of cancellation


   Skills:
 + Level 2.6 Fighting
 + Level 5.9 Slings
 + Level 1.4 Armour
 + Level 2.2 Dodging
 + Level 0.3 Stealth
 + Level 1.4 Spellcasting
 + Level 4.4 Hexes


You had one spell level left.
You knew the following spells:

 Your Spells              Type           Power        Failure   Level
a - Corona                Hex            14%          4%          1
b - Slow                  Hex            13%          8%          2
c - Inner Flame           Hex/Fire       7%           36%         3

Your spell library contained the following spells:

 Spells                   Type           Power        Failure   Level
 Portal Projectile        Hex/Tloc       14%          36%         3
 Cause Fear               Hex            6%           45%         4
 Leda's Liquefaction      Hex/Erth       3%           77%         4


Dungeon Overview and Level Annotations

Branches:
Dungeon (4/15)
 Temple: D:4-7

Altars:
Xom

Annotations:
D:3 Pikel


Innate Abilities, Weirdness & Mutations

You cannot be hasted, slowed, berserked, paralysed or teleported.
You can dig through walls and to a lower floor.
Your four strong arms can wield two-handed weapons with a shield.
You have a pair of large antennae on your head. (SInv)


Message History

You shoot a stone. The stone closely misses Pikel.
The stone misses the lemure.
Unknown command.
Fire: 9 stones
Press: ? - help, Q - select action, (/) - cycle Shift-Dir - straight line, f/p - Pikel
Aim: Pikel, wielding a +2 whip of flaming and wearing a +0 robe (severely wounded, 55% to hit)
You shoot a stone.
The stone hits Pikel but does no damage.
Pikel is severely wounded.
Pikel says, "Dispater doesn't talk much, but I know they dig me."
Pikel hits you with a +2 whip of flaming.
* * * LOW HITPOINT WARNING * * *
Pikel burns you.
* * * LOW HITPOINT WARNING * * *
Fire: 8 stones
Press: ? - help, Q - select action, (/) - cycle Shift-Dir - straight line, f/p - Pikel
Aim: Pikel, wielding a +2 whip of flaming and wearing a +0 robe (severely wounded, 55% to hit)
You shoot a stone. The stone hits Pikel.
Pikel is severely wounded.
Pikel hits you with a +2 whip of flaming.
You die...

#.# #.######...# #.# #.# ##.##
#.# #.# #.# #.## #.# #.# ...#
#.# #.# #..## #.# #.#
....###.#######.#
.....#..........#####
..<..........)..@K5(#
.....#..###########.# #####
#...##..# #.########...#
........####### #.>........#.#
...###........##############...#
#### ######...................##
# #.#.........#######.# #
#.#########.# #.# # #.# #.# #.#


You could see Pikel and a lemure.

Vanquished Creatures
  An ogre (D:4)
  2 lemures (D:4)
  A bullfrog (D:3)
  An iguana (D:4)
  5 adders
  3 worms (D:2)
  3 dart slugs
  3 leopard geckos
  6 orcs
  7 bats
  3 giant cockroaches
  7 hobgoblins
  6 jackals
  8 kobolds
  2 quokkas
  A ball python (D:1)
  6 frilled lizards
  11 goblins
  A quokka skeleton (D:4)
  11 rats
88 creatures vanquished.

Vanquished Creatures (others)
  5 dream sheep (D:4)
  A frilled lizard (D:4)
  4 plants (D:4)
10 creatures vanquished.

Grand Total: 98 creatures vanquished

Notes
Turn   | Place    | Note
-------+----------+-------------------------------------------
     0 | D:1      | btimofeev the Formicid Arcane Marksman began the quest for
                  | the Orb.
     0 | D:1      | Reached XP level 1. HP: 15/15 MP: 2/2
   384 | D:1      | Reached XP level 2. HP: 17/21 MP: 3/3
   803 | D:1      | Reached XP level 3. HP: 26/26 MP: 4/4
   803 | D:1      | Upgraded the game from 0.26.0-20-g3ca415f5b8 to
                  | 0.26.1-2-gb8aa6d0cf2
   809 | D:1      | Upgraded the game from 0.26.1-2-gb8aa6d0cf2 to
                  | 0.26.1-11-gd32895ea62
   969 | D:1      | Learned a level 2 spell: Slow
  1451 | D:2      | Reached skill level 3 in Slings
  1738 | D:2      | Reached XP level 4. HP: 32/32 MP: 1/5
  2999 | D:3      | Reached XP level 5. HP: 32/38 MP: 6/6
  3082 | D:3      | Reached skill level 4 in Slings
  3094 | D:3      | Noticed a bullfrog
  3107 | D:3      | Killed a bullfrog
  3643 | D:3      | Reached XP level 6. HP: 42/44 MP: 8/8
  3961 | D:4      | Noticed a dream sheep
  3961 | D:4      | Noticed a dream sheep
  3961 | D:4      | Noticed a dream sheep
  3961 | D:4      | Noticed a dream sheep
  3961 | D:4      | Noticed a dream sheep
  3961 | D:4      | Found a shimmering altar of Xom.
  3965 | D:4      | Killed a dream sheep
  3966 | D:4      | Reached skill level 5 in Slings
  3966 | D:4      | Reached skill level 1 in Armour
  3966 | D:4      | Killed a dream sheep
  3966 | D:4      | Killed a dream sheep
  3966 | D:4      | Killed a dream sheep
  3966 | D:4      | Killed a dream sheep
  3982 | D:4      | Learned a level 3 spell: Inner Flame
  4294 | D:4      | Noticed an ogre
  4302 | D:4      | Killed an ogre
  4339 | D:4      | Noticed Pikel
  4776 | D:3      | HP: 2/46 [Pikel/+2 whip of flaming (1)]
  4777 | D:3      | Slain by Pikel

Illustrated notes

Levels and vault maps discovered:
D:1:      dpeg_arrival_chambers_temple_mockup, layout_basic
D:2:      layout_rooms
D:3:      layout_loops_ring
D:4:      cheibrodos_old_hovel, layout_basic, enter_ossuary_3, eino_curves_03,
          kb_xom_exploding_sheep, uniq_pikel

Skill      XL: |  1  2  3  4  5  6 |
---------------+-------------------+-----
Hexes          | 4 |  4.4
Dodging        | 2 |  2.2
Slings         | 3 4 5 |  5.9
Fighting       | 2 |  2.6
Armour         | 1 |  1.4
Stealth        | |  0.3
Spellcasting   | |  1.4

Action                   |  1- 3 |  4- 6 || total
-------------------------+-------+-------++-------
Melee: Hunting sling     |       |     1 ||     1
 Fire: Hunting sling     |   146 |   293 ||   439
 Cast: Corona            |     4 |     6 ||    10
       Slow              |     3 |     5 ||     8
       Inner Flame       |       |     2 ||     2
  Use: Potion            |     1 |     5 ||     6
       Scroll            |       |     8 ||     8
Armor: Robe              |    21 |       ||    21
       Leather armour    |     4 |    26 ||    30
Dodge: Dodged            |    52 |   125 ||   177
